TOP OF THE 1ST |
Mancelona Torch batting - Pitching for Idaho Falls Chukars : RHP Rick Kennedy
|
Pitching: RHP Rick Kennedy
|
|
Batting: RHB Jim Unknown
|
0-0: Ball 1-0: Called Strike 1-1: Swinging Strike 1-2: SINGLE (Groundball, 6MD)
|
Batting: RHB Jim Unknown
|
0-0: Ball Pickoff Throw to First - Out! 1-0: Called Strike 1-1: Swinging Strike 1-2: Fly out, F7 (Flyball, 7M)
|
Batting: RHB Juan Carlos Cruz
|
0-0: Ball 1-0: Called Strike 1-1: Ball 2-1: Ground out 6-3 (Groundball, 6)
|
Top of the 1st over - 0 run(s), 1 hit(s), 0 error(s), 0 left on base; Mancelona 0 - Idaho Falls 0 |
BOTTOM OF THE 1ST |
Idaho Falls Chukars batting - Pitching for Mancelona Torch : RHP Tadayoshi Tanaka
|
Pitching: RHP Tadayoshi Tanaka
|
|
Batting: LHB Randy Schlosser
|
0-0: Fly out, F8 (Flyball, 8RM)
|
Batting: RHB Miguel Luna
|
0-0: Ball 1-0: Ball 2-0: Called Strike 2-1: Fly out, F4 (Popup, 4)
|
Batting: LHB Ned Durand
|
0-0: Foul Ball, location: 2F 0-1: Ball 1-1: DOUBLE (Line Drive, 9LS)
|
Batting: SHB Juan Rivas
|
0-0: Called Strike 0-1: Called Strike 0-2: Foul Ball, location: 2F 0-2: Ball 1-2: Strikes out looking
|
Bottom of the 1st over - 0 run(s), 1 hit(s), 0 error(s), 1 left on base; Mancelona 0 - Idaho Falls 0 |
TOP OF THE 2ND |
Mancelona Torch batting - Pitching for Idaho Falls Chukars : RHP Rick Kennedy
|
Batting: RHB Freddy Carea
|
0-0: Fly out, F6 (Popup, 6)
|
Batting: RHB Juan Báez
|
0-0: Ball 1-0: Foul Ball, location: 2F 1-1: Swinging Strike 1-2: Foul Ball, location: 2F 1-2: Ball 2-2: Ball 3-2: Foul Ball, location: 2F 3-2: Foul Ball, location: 2F 3-2: Base on Balls
|
Batting: RHB Henry Lambright
|
0-0: Called Strike 0-1: Foul Ball, location: 2F 0-2: Strikes out looking Juan Báez steals 2nd base Batter strikes out.
|
Batting: LHB José Hernández
|
0-0: Called Strike 0-1: Ball 1-1: Swinging Strike 1-2: Ball 2-2: TRIPLE (Line Drive, 8RM) Juan Báez scores
|
Batting: RHB Bert Cook
|
0-0: Swinging Strike 0-1: Foul Ball, location: 2F 0-2: Strikes out swinging
|
Top of the 2nd over - 1 run(s), 1 hit(s), 0 error(s), 1 left on base; Mancelona 1 - Idaho Falls 0 |
BOTTOM OF THE 2ND |
Idaho Falls Chukars batting - Pitching for Mancelona Torch : RHP Tadayoshi Tanaka
|
Batting: RHB Jung-hwan Kwon
|
0-0: Ball 1-0: SINGLE (Line Drive, 6MD)
|
Batting: RHB Fernando Granados
|
0-0: Ball 1-0: Ball 2-0: Called Strike 2-1: Fly out, F8 (Flyball, 8LS)
|
Batting: RHB Ted Stephens
|
0-0: Ball 1-0: Ball 2-0: Ball 3-0: Called Strike 3-1: Fly out, F3 (Popup, 34)
|
Batting: RHB Adrian Rodgers
|
0-0: Ground out 5-3 (Groundball, 56S)
|
Bottom of the 2nd over - 0 run(s), 1 hit(s), 0 error(s), 1 left on base; Mancelona 1 - Idaho Falls 0 |
TOP OF THE 3RD |
Mancelona Torch batting - Pitching for Idaho Falls Chukars : RHP Rick Kennedy
|
Batting: RHB Jim Unknown
|
0-0: Fly out, F8 (Flyball, 8LS)
|
Batting: RHB Jim Unknown
|
0-0: Ball 1-0: SINGLE (Groundball, 4MD)
|
Batting: RHB Jim Unknown
|
0-0: Ball 1-0: Ball 2-0: Ball 3-0: Base on Balls Jim Unknown to second
|
Batting: RHB Juan Carlos Cruz
|
0-0: Ball 1-0: Fly out, F9 (Flyball, 89M)
|
Batting: RHB Freddy Carea
|
0-0: Called Strike 0-1: Foul Ball, location: 2F 0-2: Strikes out looking
|
Top of the 3rd over - 0 run(s), 1 hit(s), 0 error(s), 2 left on base; Mancelona 1 - Idaho Falls 0 |
BOTTOM OF THE 3RD |
Idaho Falls Chukars batting - Pitching for Mancelona Torch : RHP Tadayoshi Tanaka
|
Batting: RHB Quigley Gibson
|
0-0: Ball 1-0: Ball 2-0: Swinging Strike 2-1: Fly out, F9 (Flyball, 9LM)
|
Batting: LHB Randy Schlosser
|
0-0: Fly out, F9 (Line Drive, 89M)
|
Batting: RHB Miguel Luna
|
0-0: Called Strike 0-1: Ball 1-1: Foul Ball, location: 2F 1-2: Ball 2-2: Foul Ball, location: 2F 2-2: Fly out, F9 (Line Drive, 9LS)
|
Bottom of the 3rd over - 0 run(s), 0 hit(s), 0 error(s), 0 left on base; Mancelona 1 - Idaho Falls 0 |
TOP OF THE 4TH |
Mancelona Torch batting - Pitching for Idaho Falls Chukars : RHP Rick Kennedy
|
Batting: RHB Juan Báez
|
0-0: SINGLE (Groundball, 56D)
|
Batting: RHB Henry Lambright
|
0-0: Ball 1-0: Called Strike 1-1: Ball Juan Báez steals 2nd base 2-1: Ground out 4-3 (Groundball, 4) Juan Báez to third
|
Batting: LHB José Hernández
|
0-0: Ball 1-0: Ball 2-0: SINGLE (Line Drive, 89M) Juan Báez scores
|
Batting: RHB Bert Cook
|
0-0: Ball 1-0: Foul Ball, location: 2F 1-1: Called Strike 1-2: Strikes out looking
|
Batting: RHB Jim Unknown
|
0-0: Foul Ball, location: 2F 0-1: Ball 1-1: Ball 2-1: Called Strike 2-2: Fly out, F7 (Flyball, 7M)
|
Top of the 4th over - 1 run(s), 2 hit(s), 0 error(s), 1 left on base; Mancelona 2 - Idaho Falls 0 |
BOTTOM OF THE 4TH |
Idaho Falls Chukars batting - Pitching for Mancelona Torch : RHP Tadayoshi Tanaka
|
Batting: LHB Ned Durand
|
0-0: Ball 1-0: Called Strike 1-1: Foul Ball, location: 2F 1-2: SINGLE (Line Drive, 34)
|
Batting: SHB Juan Rivas
|
0-0: Ball 1-0: Called Strike 1-1: Ball 2-1: SINGLE (Groundball, 5S) (infield hit) Ned Durand to second
|
Batting: RHB Jung-hwan Kwon
|
0-0: Ball 1-0: Ball 2-0: Called Strike 2-1: Ball 3-1: Foul Ball, location: 2F 3-2: Base on Balls Ned Durand to third Juan Rivas to second
|
Batting: RHB Fernando Granados
|
0-0: SINGLE (Line Drive, 78S) Ned Durand scores Juan Rivas to third Jung-hwan Kwon to second
|
Batting: RHB Ted Stephens
|
0-0: Ball 1-0: Ball 2-0: Fly out, F6 (Popup, 6S)
|
Batting: RHB Adrian Rodgers
|
0-0: Called Strike 0-1: Foul Ball, location: 2F 0-2: Foul Ball, location: 2F 0-2: Ball 1-2: Fly out, F9 (Line Drive, 89M) Runner from 3rd tags up, SCORES, no throw
|
Batting: RHB Quigley Gibson
|
0-0: Ball 1-0: Foul Ball, location: 2F 1-1: Fly out, F5 (Popup, 5SF)
|
Bottom of the 4th over - 2 run(s), 3 hit(s), 0 error(s), 2 left on base; Mancelona 2 - Idaho Falls 2 |
TOP OF THE 5TH |
Mancelona Torch batting - Pitching for Idaho Falls Chukars : RHP Yoshiiku Asano
|
Pitching: RHP Yoshiiku Asano
|
|
Batting: RHB Jim Unknown
|
0-0: Swinging Strike 0-1: SINGLE (Groundball, 56D)
|
Batting: RHB Jim Unknown
|
0-0: Bunted foul 0-1: Ball 1-1: Sac Bunt - play at second, runner OUT! 1-6
|
Batting: RHB Juan Carlos Cruz
|
0-0: Fly out, F8 (Flyball, 8RM)
|
Batting: RHB Freddy Carea
|
0-0: Called Strike 0-1: Ball 1-1: Ball 2-1: Foul Ball, location: 2F 2-2: Ball 3-2: Base on Balls Jim Unknown to second
|
Batting: RHB Juan Báez
|
0-0: Ball 1-0: Foul Ball, location: 2F 1-1: Swinging Strike 1-2: Foul Ball, location: 2F 1-2: Hit by Pitch Jim Unknown to third Freddy Carea to second
|
Batting: RHB Henry Lambright
|
0-0: Called Strike 0-1: Called Strike 0-2: Ball 1-2: Strikes out swinging
|
Top of the 5th over - 0 run(s), 1 hit(s), 0 error(s), 3 left on base; Mancelona 2 - Idaho Falls 2 |
BOTTOM OF THE 5TH |
Idaho Falls Chukars batting - Pitching for Mancelona Torch : RHP Tadayoshi Tanaka
|
Batting: LHB Randy Schlosser
|
0-0: Ball 1-0: Called Strike 1-1: Swinging Strike 1-2: Foul Ball, location: 2F 1-2: Ball 2-2: Ball 3-2: Foul Ball, location: 2F 3-2: SINGLE (Groundball, 56D)
|
Batting: RHB Miguel Luna
|
0-0: Sac Bunt - play at first, batter OUT! 1-4 Randy Schlosser to second
|
Batting: LHB Ned Durand
|
0-0: Ball 1-0: Ball 2-0: DOUBLE (Line Drive, 78M) Randy Schlosser scores
|
Batting: SHB Juan Rivas
|
0-0: Ball 1-0: Foul Ball, location: 2F 1-1: SINGLE (Line Drive, 7S) Ned Durand to third
|
Batting: RHB Jung-hwan Kwon
|
0-0: Called Strike 0-1: Ball 1-1: Foul Ball, location: 2F 1-2: Fly out, F6 (Popup, 6M)
|
Batting: RHB Fernando Granados
|
0-0: SINGLE (Line Drive, 4D) Ned Durand scores Juan Rivas to second
|
Batting: RHB Ted Stephens
|
0-0: Ball 1-0: Called Strike Fernando Granados steals 2nd base Juan Rivas to third 1-1: Ground out 1-3 (Groundball, 23)
|
Bottom of the 5th over - 2 run(s), 4 hit(s), 0 error(s), 2 left on base; Mancelona 2 - Idaho Falls 4 |
TOP OF THE 6TH |
Mancelona Torch batting - Pitching for Idaho Falls Chukars : RHP Yoshiiku Asano
|
Batting: LHB José Hernández
|
0-0: Ground out 6-3 (Groundball, 6M)
|
Batting: RHB Bert Cook
|
0-0: Foul Ball, location: 2F 0-1: Ball 1-1: Foul Ball, location: 2F 1-2: Ball 2-2: Foul Ball, location: 2F 2-2: Foul Ball, location: 2F 2-2: Ball 3-2: Strikes out looking
|
Batting: RHB Jim Unknown
|
0-0: Called Strike 0-1: Foul Ball, location: 2F 0-2: Foul Ball, location: 2F 0-2: Ball 1-2: Ball 2-2: Foul Ball, location: 2F 2-2: Ball 3-2: Base on Balls
|
Batting: RHB Jim Unknown
|
0-0: Ball Pickoff Throw to First - Out!
|
Top of the 6th over - 0 run(s), 0 hit(s), 0 error(s), 0 left on base; Mancelona 2 - Idaho Falls 4 |
BOTTOM OF THE 6TH |
Idaho Falls Chukars batting - Pitching for Mancelona Torch : RHP Tadayoshi Tanaka
|
Batting: RHB Adrian Rodgers
|
0-0: Swinging Strike 0-1: Ball 1-1: Called Strike 1-2: Strikes out swinging
|
Batting: RHB Quigley Gibson
|
0-0: SINGLE (Groundball, 5L)
|
Batting: LHB Randy Schlosser
|
0-0: Called Strike 0-1: Ball 1-1: Ball 2-1: Called Strike 2-2: Ball 3-2: Base on Balls Quigley Gibson to second
|
Batting: RHB Miguel Luna
|
0-0: Ball 1-0: Swinging Strike 1-1: Ball 2-1: Fly out, F4 (Line Drive, 4) 2-1: Lined into DP, 4-6 (Line Drive, 4)
|
Bottom of the 6th over - 0 run(s), 1 hit(s), 0 error(s), 1 left on base; Mancelona 2 - Idaho Falls 4 |
TOP OF THE 7TH |
Mancelona Torch batting - Pitching for Idaho Falls Chukars : RHP Yoshiiku Asano
|
Batting: RHB Jim Unknown
|
0-0: Ball 1-0: Foul Ball, location: 2F 1-1: Ground out 4-3 (Groundball, 4)
|
Batting: RHB Jim Unknown
|
0-0: SINGLE (Flyball, 89S)
|
Batting: RHB Juan Carlos Cruz
|
0-0: Ball 1-0: Ball 2-0: Ball 3-0: Called Strike 3-1: Foul Ball, location: 2F 3-2: Base on Balls Jim Unknown to second
|
Batting: RHB Freddy Carea
|
0-0: Swinging Strike 0-1: Foul Ball, location: 2F 0-2: Strikes out swinging
|
Pitching: RHP Lorenzo López
|
|
Batting: RHB Juan Báez
|
0-0: Fielders Choice at 2nd, U6 (Groundball, 6M)
|
Top of the 7th over - 0 run(s), 1 hit(s), 0 error(s), 2 left on base; Mancelona 2 - Idaho Falls 4 |
BOTTOM OF THE 7TH |
Idaho Falls Chukars batting - Pitching for Mancelona Torch : RHP Tadayoshi Tanaka
|
Batting: LHB Ned Durand
|
0-0: Ground out U3 (Groundball, 3)
|
Batting: SHB Juan Rivas
|
0-0: Called Strike 0-1: Ground out 6-3 (Groundball, 6M)
|
Batting: RHB Jung-hwan Kwon
|
0-0: Swinging Strike 0-1: Ball 1-1: Foul Ball, location: 2F 1-2: Foul Ball, location: 2F 1-2: Ground out 4-3 (Groundball, 4)
|
Bottom of the 7th over - 0 run(s), 0 hit(s), 0 error(s), 0 left on base; Mancelona 2 - Idaho Falls 4 |
TOP OF THE 8TH |
Mancelona Torch batting - Pitching for Idaho Falls Chukars : RHP Lorenzo López
|
Now at 1B: Lee Faught
|
|
Now at SS: Kenny Rush
|
|
Now in RF: Dave Watts
|
|
Batting: RHB Henry Lambright
|
0-0: Foul Ball, location: 2F 0-1: Fly out, F8 (Flyball, 8LXD)
|
Batting: LHB José Hernández
|
0-0: Called Strike 0-1: Ball 1-1: SINGLE (Groundball, 56D) (infield hit)
|
Batting: RHB Bert Cook
|
0-0: Fly out, F7 (Flyball, 78M)
|
Batting: RHB Jim Unknown
|
0-0: Ball 1-0: Ball 2-0: Called Strike 2-1: Foul Ball, location: 2F 2-2: Ground out 4-3 (Groundball, 4)
|
Top of the 8th over - 0 run(s), 1 hit(s), 0 error(s), 1 left on base; Mancelona 2 - Idaho Falls 4 |
BOTTOM OF THE 8TH |
Idaho Falls Chukars batting - Pitching for Mancelona Torch : RHP Tadayoshi Tanaka
|
Pitching: RHP Jim Unknown
|
|
Batting: RHB Fernando Granados
|
0-0: Fly out, F9 (Line Drive, 9S)
|
Batting: RHB Ted Stephens
|
0-0: Foul Ball, location: 2F 0-1: Fly out, F7 (Flyball, 78M)
|
Batting: RHB Adrian Rodgers
|
0-0: Ball 1-0: Called Strike 1-1: Called Strike 1-2: Ball 2-2: Foul Ball, location: 2F 2-2: Ball 3-2: Ground out 1-3 (Groundball, 13)
|
Bottom of the 8th over - 0 run(s), 0 hit(s), 0 error(s), 0 left on base; Mancelona 2 - Idaho Falls 4 |
TOP OF THE 9TH |
Mancelona Torch batting - Pitching for Idaho Falls Chukars : RHP Lorenzo López
|
Pitching: RHP Shotaro Sugahara
|
|
Batting: RHB Jim Unknown
|
0-0: Foul Ball, location: 2F 0-1: Ground out 4-3 (Groundball, 4)
|
Batting: RHB Jim Unknown
|
0-0: Called Strike 0-1: Foul Ball, location: 2F 0-2: Ball 1-2: Ground out 2-3 (Groundball, 2R)
|
Batting: RHB Juan Carlos Cruz
|
0-0: Ball 1-0: Fly out, F3 (Line Drive, 3S)
|
Top of the 9th over - 0 run(s), 0 hit(s), 0 error(s), 0 left on base; Mancelona 2 - Idaho Falls 4 |
|